 Dungeon Crawl Stone Soup version 0.31-a0-885-gbe960a18b5 (webtiles) character file.

Game seed: 18092609827185953672

1839523 Gladio the Slayer (level 26, 405/405 HPs)
             Began as an Ogre Berserker on Oct 15, 2023.
             Was a High Priest of Trog.
             Escaped with the Orb
             ... and 3 runes on Oct 16, 2023!
             The game lasted 02:34:20 (55359 turns).

Gladio the Slayer (Ogre Berserker)                 Turns: 55359, Time: 02:34:21

Health: 405/405    AC: 40    Str: 30      XL:     26   Next: 72%
Magic:  32/32      EV: 18    Int:  6 (8)  God:    Trog [*****.]
Gold:   2404       SH: 20    Dex: 14      Spells: 25/25 levels left

rFire   . .          .
                       - Unarmed
rCold   . . .        d - +2 tower shield
rNeg    + . .        Q - melded +0 acid dragon scales
rPois   ∞            x - +2 hat
rElec   +            K - +2 cloak
rCorr   .            (gloves unavailable)
SInv    .            (boots unavailable)
Will    +++..        g - amulet of regeneration
Stlth   +            u - ring of the Moon {Will+ MP+9 Slay+6}
HPRegen 1.67/turn    V - +4 ring of protection
MPRegen 0.23/turn

%: no passive effects
@: statue-form, studying Maces & Flails, very slow
A: slow and powerful, torment resistance 1, boosted hp, large, unfitting armour,
(tough skin 1), sense surroundings 1, screaming 1, subdued magic 2, MP-powered
wands
0: Orb of Zot
}: 3/15 runes: barnacled, silver, gossamer
a: Begin Untransformation, Renounce Religion, Berserk, Trog's Hand, Brothers in
Arms


You escaped.
You worshipped Trog.
Trog was extremely pleased with you.
You were a living statue of rough stone.
You visited 8 branches of the dungeon, and saw 44 of its levels.
You visited 1 bazaar.

You collected 5211 gold pieces.
You spent 2807 gold pieces at shops.

Inventory:

Missiles
 k - 5 throwing nets
 r - 13 silver javelins
 Y - 107 large rocks (quivered)
Armour
 d - a +2 tower shield (worn)
 x - a +2 hat (worn)
 E - the +4 robe of Augmentation {Str+4 Int+4 Dex+4}
   (You bought it in a shop in a bazaar)

   Str+4:     It affects your strength (+4).
   Int+4:     It affects your intelligence (+4).
   Dex+4:     It affects your dexterity (+4).
 K - a +2 cloak (worn)
 Q - +0 acid dragon scales (melded)
Jewellery
 b - a ring of resist corrosion
 c - the ring "Nodac" {Wiz Drain Dex+9 SInv}
   (You found it on level 5 of the Realm of Zot)

   [ring of wizardry]

   Wiz:       It improves your spell success rate.
   Dex+9:     It affects your dexterity (+9).
   SInv:      It lets you see invisible.
   Drain:     It drains your maximum health when unequipped.
 g - an amulet of regeneration (around neck)
 u - the ring of the Moon (left fist) {Will+ MP+9 Slay+6}
   (You acquired it on level 1 of the Vaults)

   [ring of magical power]

   Slay+6:    It affects your accuracy & damage with ranged weapons and melee
   (+6).
   Will+:     It increases your willpower.
   MP+9:      It affects your magic capacity (+9).
 C - the amulet of Kikubaaqudgha's Pride {Reflect rElec Regen+ Slay-2 SH+5}
   (You found it on level 7 of the Dungeon)

   [amulet of reflection]

   Reflect:   It reflects blocked missile attacks.
   Slay-2:    It affects your accuracy & damage with ranged weapons and melee
   (-2).
   rElec:     It insulates you from electricity.
   Regen+:    It increases your rate of health regeneration.
   SH+5:      It affects your SH (+5).
 D - a ring of protection from fire
 I - a ring of protection from fire
 V - a +4 ring of protection (right fist)
Talismans
 a - a maw talisman
 e - a blade talisman
 F - a granite talisman (active)
 L - a serpent talisman
 T - a storm talisman
Wands
 i - a wand of digging (9)
 z - a wand of polymorph (16)
 H - a wand of flame (125)
 O - a wand of paralysis (35)
 S - a wand of quicksilver (29)
 X - a wand of roots (28)
Scrolls
 f - 5 scrolls of fog
 o - 5 scrolls of noise
 v - 7 scrolls of vulnerability
 w - 13 scrolls of immolation
 y - 6 scrolls of silence
 G - 3 scrolls of poison
 J - 3 scrolls of torment
 M - 16 scrolls of teleportation
 W - 5 scrolls of fear
Potions
 h - 6 potions of enlightenment
 j - 4 potions of might
 m - a potion of ambrosia
 p - 6 potions of mutation
 q - 2 potions of haste
 t - 19 potions of curing
 A - 3 potions of attraction
 B - 7 potions of invisibility
 N - a potion of cancellation
 R - a potion of berserk rage
 U - 2 potions of resistance
 Z - 3 potions of magic


   Skills:
 + Level 26.4 Fighting
 + Level 21.0 Dodging
 + Level 14.2 Shields
 * Level 24.3 Unarmed Combat
 + Level 19.8 Shapeshifting


You had 25 spell levels left.
You didn't know any spells.
Your spell library was empty.

Dungeon Overview and Level Annotations

Branches:
Dungeon (15/15)            Temple (0/1) D:5            Lair (5/5) D:10
 Shoals (4/4) Lair:2       Spider (4/4) Lair:2        Slime (0/5) Lair:5
    Orc (2/2) D:11            Elf (0/3) Orc:2        Vaults (5/5) D:14
  Crypt (0/3) Vaults:3     Depths (4/4) D:15            Zot (5/5) Depths:4

Altars:
Cheibriados
Fedhas
Hepliaklqana
Kikubaaqudgha
Sif Muna
Wu Jian
Xom
Yredelemnul
The Shining One
Jiyva
Lugonu

Shops:
D:1 =   D:3 ?   D:5 [   D:10 :   Orc:1 =   Orc:2 *?((   Shoals:1 *   Vaults:3 !
Vaults:4 =   Depths:1 ??([   Depths:3 [   Depths:4 [

Portals:
Hell: Depths:1 Depths:2 Depths:3 Depths:4
Abyss: Lair:5 Depths:1 Depths:3
Pandemonium: Depths:2 Depths:4
Ziggurat: Depths:2
Trove: D:11 (give +2 gold dragon scales)

Annotations:
Lair:1 exclusion: 4 oklob plants
Depths:3 1 transporter
Zot:5 2 exclusions


Innate Abilities, Weirdness & Mutations

You are a living statue of rough stone.
Your actions are slow, but your melee attacks are powerful.
You are resistant to unholy torment.
Your maximum health is greatly increased.
Your equipment is partially melded.
You are too large for most types of armour.
You are immune to poison.
((You have tough skin. (AC +1)))
You passively map a small area around you.
You occasionally shout uncontrollably at your foes.
Your spells are easier to cast, but less powerful.
You expend magic power (3 MP) to strengthen your wands.


Message History

You closely miss the sun demon. You block the sun demon's attack. x2
You pummel the sun demon like a punching bag!!!!
You kill the sun demon!
Trog accepts your kill.
No target in view!
No target in view!
No target in view!
HP restored.
You yell at the Orb Guardian!
An Orb Guardian comes into view.
There is a stone staircase leading up here.
You barely miss the Orb Guardian.
The Orb Guardian hits you but does no damage. x2
You pummel the Orb Guardian!!
The Orb Guardian is moderately wounded.
You block the Orb Guardian's attack.
You pummel the Orb Guardian!!
The Orb Guardian is severely wounded.
The Orb Guardian hits you but does no damage.
You block the Orb Guardian's attack.
You completely miss the Orb Guardian.
The Orb Guardian is severely wounded.
The Orb Guardian hits you!
You squash the Orb Guardian like an ant!!!!
You kill the Orb Guardian!
Trog accepts your kill.
You can't go down here!
You climb upwards.
There is a stone staircase leading down here.
What level of the Dungeon? (default 4, ? - help) HP restored.
There is a stone staircase leading up here.
You climb upwards.
There is a stone staircase leading down here.
There is a stone staircase leading up here.
You climb upwards.
There is a stone staircase leading down here.
There is a staircase leading out of the dungeon here.
You can't go down here!
You have escaped!

....#.....#.# #.########.######
....#.#...#.# ##................
....#.#.#.#.# ##..########.######
....#.#.#.#.###...#..[...........
....#.#.#.#.##..8......###.#####.
....#.#.#.#.#..............#####.
...>#.#.#)#..........#...........
....#...#.#.....8...........#####
....#.#.#.#.....8....#.####.#....
###.......#..8.....8.#.##......##
...########....≈≈≈...#.##.#.#..#
............##≈§≈≈≈##.....#.#..#
...#######..##≈§≈≈≈########.#..#
...# #.....##≈≈>≈≈# #.#..# ...#
#.#...######## #.#..# ...#
#.#...# #.#..# ...#
#.#...###############.##.#


There were no monsters in sight!

Vanquished Creatures
  3 dread liches
  2 ancient liches (Vaults:5)
  4 orbs of fire
  Mara (Shoals:4)
  Mennas (Vaults:5)
  2 juggernauts
  2 Killer Klowns (Zot:5)
  2 caustic shrikes (Depths:1)
  2 curse toes
  10 golden dragons
  Arachne (Spider:2)
  An electric golem (Zot:5)
  A bone dragon (Depths:4)
  A Brimstone Fiend (D:15)
  Jorgrun (Orc:2)
  Mlioglotl (Spider:2)
  2 Hell Sentinels
  19 tentacled monstrosities
  An Ice Fiend (Zot:1)
  27 Orb Guardians
  8 liches
  9 quicksilver dragons
  A walking frostbound tome (Depths:2)
  7 sphinxes
  6 titans
  An Executioner (Zot:5)
  Polyphemus (Shoals:4)
  5 death cobs
  7 shadow dragons
  Roxanne (D:15)
  7 tengu reavers
  5 draconian knights
  13 storm dragons
  Aizul (Shoals:4)
  11 fire giants
  A spectral juggernaut (Depths:1)
  3 deep elf sorcerers (Vaults:5)
  A draconian monk (Zot:5)
  12 frost giants
  3 draconian shifters
  4 draconian scorchers
  A balrug (Depths:1)
  23 vault wardens
  An iron dragon (Depths:3)
  6 emperor scorpions (Spider:4)
  7 ghost moths
  A spriggan defender (Depths:2)
  13 very ugly things
  18 stone giants
  The ghost of Kace the Unseen, an adept SpEn of Dithmenos (Spider:4)
  22 ironbound preservers
  8 draconian annihilators
  2 formless jellyfish (Vaults:1)
  8 ironbound thunderhulks
  2 broodmothers (Spider:4)
  2 draconian stormcallers
  5 war gargoyles
  A quicksilver ooze (shapeshifter) (Vaults:5)
  A stone giant (shapeshifter) (Vaults:5)
  14 black draconians
  3 vampire knights
  Nessos (D:15)
  A deep elf annihilator (Vaults:5)
  10 green draconians
  8 red draconians
  11 yellow draconians
  12 dire elephants
  A spark wasp (shapeshifter) (Depths:1)
  8 white draconians
  4 spark wasps
  A deep elf death mage (Vaults:5)
  10 ettins
  5 purple draconians
  A crystal guardian (Vaults:4)
  8 merfolk impalers
  3 jiangshi
  An iron golem (Depths:3)
  6 merfolk javelineers
  19 yaktaur captains
  6 fire dragons
  Harold (D:10)
  The ghost of Pixllover the Geomancer, a journeyman GrEE of Vehumet (D:11)
  7 entropy weavers
  4 deep elf high priests (Vaults:5)
  4 great orbs of eyes
  Josephine (D:14)
  6 ice dragons
  2 peacekeepers (Vaults:4)
  27 vault guards
  2 radroaches
  A catoblepas (Shoals:4)
  2 rakshasas
  A jorogumo (Spider:2)
  3 spriggan air magi
  9 merfolk avatars
  2 hydras
  4 boulder beetles
  2 merfolk aquamancers (Shoals:4)
  8 two-headed ogres
  10 ironbound frosthearts
  3 death knights
  A satyr (Shoals:3)
  2 tengu warriors (Depths:3)
  30 centaur warriors
  7 deep troll earth magi
  An orc high priest (Orc:2)
  Urug (D:14)
  3 deep troll shamans
  3 death yaks (Shoals:4)
  10 demonic crawlers
  2 thrashing horrors (Lair:5)
  9 spriggan berserkers
  2 vampire magi
  3 sun demons
  Sonja (Lair:2)
  5 hell knights (Depths:3)
  A fire crab (Shoals:2)
  A shadow wraith (Vaults:3)
  A sixfirhy (D:15)
  5 skysharks
  7 iron trolls
  A skeletal warrior (D:15)
  18 sea snakes
  A spark wasp zombie (D:15)
  Lodul (D:11)
  8 pharaoh ants
  13 orb spiders
  63 deep trolls
  A flayed ghost (Depths:1)
  2 tengu zombies (D:15)
  A kraken simulacrum (Shoals:4)
  9 wizards
  7 lindwurms
  8 necromancers
  17 ironbound convokers
  7 phantasmal warriors
  6 orc knights
  3 steelbarb worms (Spider:4)
  3 human zombies
  A deep elf pyromancer (D:12)
  22 harpies
  11 fauns
  17 wolf spiders
  34 ugly things
  A tengu skeleton (Vaults:1)
  6 manticores
  A wolf spider (shapeshifter) (Vaults:5)
  5 orc sorcerers (Orc:2)
  6 cyclopes
  9 merfolk sirens
  15 vault sentinels
  23 moths of wrath
  25 elephants
  2 water nymphs (shapeshifter)
  4 smoke demons
  6 torpor snails
  5 black mambas
  7 water nymphs
  7 cane toads
  2 gargoyles (D:12)
  Maggie (Lair:1)
  A hellion (Zot:4)
  6 unseen horrors (Depths:3)
  4 freezing wraiths
  An ice devil (Zot:1)
  8 komodo dragons
  38 yaktaurs
  2 tormentors
  3 rime drakes
  2 tengu conjurers
  A guardian mummy (D:15)
  11 trolls
  10 wind drakes
  A meliai (shapeshifter) (Lair:5)
  A polar bear (Lair:5)
  20 tarantellas
  19 merfolk
  A polar bear (shapeshifter) (D:15)
  3 meliai (Spider:4)
  A raiju (Lair:5)
  4 hornets
  20 blink frogs
  7 snapping turtles
  16 slime creatures
  A stone giant simulacrum (Vaults:4)
  A slime creature (shapeshifter) (Vaults:5)
  24 culicivoras
  28 jumping spiders
  A shadow (D:9)
  4 spriggans
  5 water elementals
  10 wraiths
  8 basilisks
  53 yaks
  6 wyverns
  16 humans
  4 large abominations
  A ynoxinul (Lair:5)
  2 fire bats (Shoals:2)
  A steam dragon (D:8)
  A hog (shapeshifter) (Depths:2)
  A fire bat (shapeshifter) (Vaults:5)
  A neqoxec (Depths:2)
  2 yaktaur simulacra (Vaults:4)
  A vampire mosquito (D:6)
  2 human simulacra (Vaults:4)
  2 wargs
  Menkaure (D:5)
  4 chaos spawn
  2 swamp worms (Lair:5)
  59 redbacks
  A swamp worm (shapeshifter) (D:8)
  17 water moccasins
  2 sky beasts
  22 orc warriors
  3 ice beasts
  3 black bears
  12 ogres
  6 boggarts
  11 wolves
  11 centaurs
  A phantom (D:3)
  3 kobold brigands
  6 scorpions
  2 gnoll sergeants
  13 small abominations
  A glowing shapeshifter simulacrum (Vaults:4)
  10 bullfrogs
  2 human skeletons (Vaults:1)
  14 wights
  6 howler monkeys
  A quasit (D:7)
  A jelly (D:7)
  13 orc priests
  5 hounds
  A gnoll bouda (D:10)
  A sleepcap (D:4)
  3 iguanas (D:6)
  Natasha (thrice) (D:2)
  21 orc wizards
  8 hell rats
  23 gnolls
  10 adders
  4 shadow imps (D:7)
  2 white imps
  An ufetubus (D:7)
  3 worms
  2 dart slugs
  61 orcs
  4 ball pythons
  An endoplasm (D:2)
  4 giant cockroaches
  3 goblins
  9 hobgoblins
  2 jackals (D:4)
  2 quokkas
  5 bats
  3 frilled lizards
  17 kobolds
  4 rats (D:1)
1804 creatures vanquished.

Vanquished Creatures (collateral kills)
  Bai Suzhen (Vaults:2)
  Rupert (D:13)
  A titan (Vaults:5)
  An Executioner (Zot:1)
  A storm dragon (Zot:5)
  A vault warden (Vaults:2)
  A purple draconian (Zot:5)
  An ettin (Vaults:5)
  A vault guard (Vaults:5)
  A satyr (Shoals:3)
  An alligator snapping turtle (Shoals:4)
  2 orc high priests (Orc:2)
  A spriggan berserker (Depths:4)
  A flayed ghost (D:15)
  A deep troll (Vaults:5)
  A slime creature (Vaults:2)
  An orc knight (Orc:2)
  An ironbound convoker (Vaults:5)
  3 fauns (Shoals:3)
  A fire giant zombie (D:15)
  3 elephants (Lair:4)
  A water nymph (Shoals:4)
  An orange demon (Zot:1)
  3 yaktaurs
  4 merfolk
  A snapping turtle (Shoals:3)
  A yak (Lair:4)
  A fire bat (Shoals:2)
  An acid dragon (shapeshifter) (Vaults:5)
  A redback simulacrum (D:15)
  A black bear (Lair:4)
  3 large abominations (Zot:1)
44 creatures vanquished.

Vanquished Creatures (others)
  An ancient lich (Vaults:5)
  A fire giant (Vaults:5)
  A frost giant (Depths:3)
  A draconian stormcaller (Zot:1)
  A blizzard demon (D:12)
  A wizard (Vaults:4)
  An ironbound convoker (Vaults:5)
  An ugly thing (Vaults:3)
  2 vault sentinels (Vaults:5)
  A water nymph (Shoals:2)
  A human (D:6)
  A boggart (Vaults:3)
  2 centaurs (D:14)
  An orc priest (Orc:2)
  2 orc wizards
  2 orcs
  6 tentacles (Shoals:4)
26 creatures vanquished.

Grand Total: 1874 creatures vanquished

Notes
Turn   | Place    | Note
-------+----------+-------------------------------------------
     0 | D:1      | Gladio the Ogre Berserker began the quest for the Orb.
     0 | D:1      | Reached XP level 1. HP: 24/24 MP: 1/1
    32 | D:1      | Found Tudeutik's Jewellery Emporium.
   219 | D:1      | Reached XP level 2. HP: 24/32 MP: 2/2
   955 | D:2      | Reached skill level 1 in Shapeshifting
   955 | D:2      | Reached XP level 3. HP: 37/40 MP: 3/3
   991 | D:2      | Noticed Natasha
   998 | D:2      | Killed Natasha
  1131 | D:2      | Reached ** piety under Trog
  1132 | D:2      | Reached XP level 4. HP: 46/49 MP: 4/4
  1176 | D:2      | Noticed Natasha
  1190 | D:2      | Killed Natasha
  1422 | D:2      | Noticed Natasha
  1439 | D:2      | Killed Natasha
  1440 | D:2      | Reached skill level 5 in Fighting
  1559 | D:2      | Reached XP level 5. HP: 50/57 MP: 5/5
  2174 | D:3      | Noticed a phantom
  2208 | D:3      | Killed a phantom
  2504 | D:3      | Found Aggomir's Magic Scroll Emporium.
  2833 | D:4      | Reached XP level 6. HP: 56/66 MP: 6/6
  3468 | D:5      | Entered Level 5 of the Dungeon
  3468 | D:5      | Noticed Menkaure
  3475 | D:5      | Killed Menkaure
  3476 | D:5      | Reached skill level 6 in Fighting
  3537 | D:5      | Noticed an ice beast
  3553 | D:5      | Killed an ice beast
  3554 | D:5      | Reached XP level 7. HP: 20/75 MP: 7/7
  4268 | D:5      | Found a glowing golden altar of the Shining One.
  4519 | D:5      | Found Kaeczog's Armour Shoppe.
  4596 | D:5      | Found a staircase to the Ecumenical Temple.
  4933 | D:5      | Reached skill level 7 in Fighting
  4933 | D:5      | Reached XP level 8. HP: 47/87 MP: 4/8
  5201 | D:6      | Reached skill level 5 in Dodging
  5201 | D:6      | Reached skill level 5 in Unarmed Combat
  5325 | D:6      | Reached *** piety under Trog
  5567 | D:6      | Noticed a two-headed ogre
  5600 | D:6      | Killed a two-headed ogre
  5601 | D:6      | Reached skill level 8 in Fighting
  5601 | D:6      | Reached skill level 5 in Shapeshifting
  5601 | D:6      | Reached XP level 9. HP: 33/97 MP: 3/9
  6768 | D:6      | Gained mutation: Your mind is acute. (Int +4, Str/Dex -1)
                  | [potion of mutation]
  6768 | D:6      | Gained mutation: You have a pair of small horns on your
                  | head. [potion of mutation]
  6813 | D:6      | Identified the +0 pair of gloves of Somewhere Else {-Tele
                  | Int+5 Dex+6}
  6840 | D:6      | Reached skill level 9 in Fighting
  7151 | D:6      | Found an ancient bone altar of Kikubaaqudgha.
  7505 | D:7      | Identified the amulet of Kikubaaqudgha's Pride {Reflect
                  | rElec Regen+ Slay-2 SH+5}
  7625 | D:7      | Noticed a two-headed ogre
  7635 | D:7      | Killed a two-headed ogre
  7636 | D:7      | Reached skill level 10 in Fighting
  7636 | D:7      | Reached XP level 10. HP: 110/110 MP: 10/10
  7830 | D:7      | Noticed Jeremiah
  7863 | D:7      | Jeremiah changed into Jeremiah the wind drake
  7863 | D:7      | Noticed Jeremiah
  7884 | D:7      | Killed Jeremiah the wind drake
  8465 | D:8      | Noticed a two-headed ogre
  8476 | D:8      | Killed a two-headed ogre
  8595 | D:8      | Reached **** piety under Trog
  8615 | D:8      | Reached skill level 11 in Fighting
  8872 | D:8      | Noticed a centaur warrior
  8882 | D:8      | Killed a centaur warrior
  8883 | D:8      | Reached XP level 11. HP: 95/120 MP: 11/11
  8961 | D:8      | Identified the +6 trident of Okawaru's Grace {heavy, rPois
                  | Dex+3}
  8961 | D:8      | Noticed a centaur warrior
  8967 | D:8      | Killed a centaur warrior
  9260 | D:8      | Noticed a two-headed ogre
  9279 | D:8      | Killed a two-headed ogre
  9581 | D:8      | Noticed a green ugly thing
  9592 | D:8      | Killed a green ugly thing
  9593 | D:8      | Reached skill level 12 in Fighting
  9810 | D:9      | Paralysed by a hornet for 1 turns
 10069 | D:9      | Noticed a two-headed ogre
 10093 | D:9      | Killed a two-headed ogre
 10237 | D:9      | Found a blossoming altar of Fedhas.
 10472 | D:10     | Entered Level 10 of the Dungeon
 10598 | D:10     | Noticed a two-headed ogre
 10604 | D:10     | Killed a two-headed ogre
 10630 | D:10     | Found a staircase to the Lair.
 10687 | D:10     | Noticed Harold
 10701 | D:10     | Killed Harold
 10713 | D:10     | Found a snail-covered altar of Cheibriados.
 10715 | D:10     | Noticed a boulder beetle
 10778 | D:10     | Killed a boulder beetle
 10779 | D:10     | Reached skill level 13 in Fighting
 10779 | D:10     | Reached XP level 12. HP: 67/136 MP: 12/12
 11103 | D:10     | Noticed a centaur warrior
 11104 | D:10     | Noticed a two-headed ogre
 11110 | D:10     | Killed a two-headed ogre
 11121 | D:10     | Killed a centaur warrior
 11219 | D:10     | Found Atetz's Book Shop.
 11307 | D:10     | Found a shimmering altar of Xom.
 11307 | D:10     | Found a shimmering altar of Xom.
 11307 | D:10     | Found a shimmering altar of Xom.
 11309 | D:10     | Found a shimmering altar of Xom.
 11310 | D:10     | Found a shimmering altar of Xom.
 11311 | D:10     | Found a shimmering altar of Xom.
 11313 | D:10     | Found a shimmering altar of Xom.
 11582 | Lair:1   | Entered Level 1 of the Lair of Beasts
 11784 | D:1      | Bought a serpent talisman for 520 gold pieces
 12349 | Lair:1   | Noticed Maggie
 12349 | Lair:1   | Paralysed by Maggie for 4 turns
 12366 | Lair:1   | Killed Maggie
 12378 | Lair:1   | Reached skill level 10 in Dodging
 12645 | Lair:1   | Reached skill level 10 in Unarmed Combat
 12792 | Lair:2   | Found a hole to the Spider Nest.
 12824 | Lair:2   | Reached skill level 14 in Fighting
 12873 | Lair:2   | Found an ancient bone altar of Kikubaaqudgha.
 13272 | Lair:2   | Noticed a skyshark
 13280 | Lair:2   | Killed a skyshark
 13364 | Lair:2   | Reached XP level 13. HP: 130/148 MP: 13/13
 13444 | Lair:2   | Noticed Sonja
 13451 | Lair:2   | Killed Sonja
 13452 | Lair:2   | Reached skill level 10 in Shapeshifting
 13491 | Lair:2   | Found a staircase to the Shoals.
 14105 | Lair:3   | Found a hazy altar of Hepliaklqana.
 14281 | Lair:3   | Reached skill level 15 in Fighting
 14329 | Lair:3   | Reached ***** piety under Trog
 14956 | Lair:4   | You fall into a shaft and drop 1 floor!
 14956 | Lair:5   | Entered Level 5 of the Lair of Beasts
 15233 | Lair:5   | Reached XP level 14. HP: 161/161 MP: 14/14
 15372 | Lair:4   | Reached skill level 16 in Fighting
 15963 | Lair:4   | Received a gift from Trog
 16789 | Lair:5   | Found a viscous altar of Jiyva.
 16789 | Lair:5   | Found a staircase to the Slime Pits.
 17669 | Lair:5   | Found a corrupted altar of Lugonu.
 17669 | Lair:5   | Found a one-way gate to the infinite horrors of the Abyss.
 18680 | D:11     | Found a staircase to the Orcish Mines.
 18831 | D:11     | Found a portal to a secret trove of treasure.
 18907 | D:11     | Found a runed translucent door.
 18962 | D:11     | Noticed Pixllover's ghost (journeyman GrEE)
 18990 | D:11     | Killed Pixllover's ghost
 19007 | D:11     | Identified the +2 plate armour of Analysis {rPois rC- rN+
                  | Stlth+}
 19229 | D:11     | Noticed Lodul
 19237 | D:11     | Killed Lodul
 19407 | D:11     | Reached XP level 15. HP: 142/172 MP: 15/15
 20566 | D:13     | Reached skill level 17 in Fighting
 20952 | D:13     | Identified the +8 quarterstaff "Qerchatun" {freeze, rElec
                  | rF+ Str+3}
 20955 | D:13     | Identified the +8 mace of Utwapnidgh {freeze, Int+3}
 20982 | D:13     | Received a gift from Trog
 21176 | D:14     | Noticed Urug
 21192 | D:14     | Killed Urug
 21201 | D:14     | Noticed Rupert
 21274 | D:13     | Killed Rupert
 21361 | D:14     | Found a gate to the Vaults.
 21632 | D:14     | Noticed Josephine
 21643 | D:14     | Killed Josephine
 22205 | D:3      | Bought a scroll of acquirement for 728 gold pieces
 22205 | D:3      | Bought a scroll of identify for 28 gold pieces
 22205 | D:3      | Bought a scroll of identify for 28 gold pieces
 22205 | D:3      | Bought a scroll of teleportation for 42 gold pieces
 22209 | D:3      | Acquired a manual of Dodging
 22415 | D:15     | Entered Level 15 of the Dungeon
 22622 | D:15     | Noticed Roxanne
 22798 | D:15     | Noticed Nessos
 22803 | D:15     | Killed Nessos
 22951 | D:15     | Found a staircase to the Depths.
 23466 | Orc:1    | Entered Level 1 of the Orcish Mines
 23555 | Orc:1    | Found Corouper's Jewellery Emporium.
 23585 | Orc:1    | Found a dark tunnel.
 23982 | Orc:2    | Entered Level 2 of the Orcish Mines
 23983 | Orc:2    | Noticed Jorgrun
 24041 | Orc:2    | Killed Jorgrun
 24105 | Orc:2    | Reached XP level 16. HP: 182/185 MP: 16/16
 24207 | Orc:2    | Received a gift from Trog
 24371 | Orc:2    | Reached skill level 18 in Fighting
 24381 | Orc:2    | Found Hericees's Antique Weapon Emporium.
 24381 | Orc:2    | Found Ajail's Antique Weapon Boutique.
 24390 | Orc:2    | Found Otylir's Magic Scroll Emporium.
 24390 | Orc:2    | Found Adwaihu's General Store.
 24479 | Orc:2    | Bought a scroll of identify for 36 gold pieces
 24484 | Orc:2    | Bought a scroll of identify for 30 gold pieces
 24484 | Orc:2    | Bought a scroll of revelation for 112 gold pieces
 24484 | Orc:2    | Bought a potion of might for 60 gold pieces
 24484 | Orc:2    | Bought a potion of heal wounds for 75 gold pieces
 24681 | Orc:2    | Found a staircase to the Elven Halls.
 24804 | Orc:2    | Reached skill level 15 in Unarmed Combat
 24974 | Shoals:1 | Entered Level 1 of the Shoals
 25023 | Shoals:1 | Found Ycomokhe's Island Escapes.
 25068 | Shoals:1 | Identified the +13 plate armour "Xestrol" {rF+ rC+ Str+3
                  | Stlth+}
 25090 | Shoals:1 | Bought a scroll of blinking for 75 gold pieces
 25090 | Shoals:1 | Bought a potion of invisibility for 80 gold pieces
 25090 | Shoals:1 | Bought a potion of invisibility for 80 gold pieces
 27431 | Shoals:3 | Received a gift from Trog
 27512 | Shoals:3 | Reached XP level 17. HP: 196/196 MP: 17/17
 27831 | Shoals:3 | HP: 7/235 [satyr/arrow (28)]
 28006 | Shoals:3 | Reached skill level 19 in Fighting
 28111 | Shoals:3 | Reached skill level 15 in Dodging
 28111 | Shoals:3 | Reached XP level 18. HP: 208/208 MP: 18/18
 28676 | Shoals:4 | Entered Level 4 of the Shoals
 28676 | Shoals:4 | Noticed Mara
 28677 | Shoals:4 | Noticed Aizul
 29360 | Shoals:4 | Noticed Polyphemus
 29383 | Shoals:4 | Killed Polyphemus
 29569 | Shoals:4 | Killed Mara
 29650 | Shoals:4 | Killed Aizul
 30683 | Shoals:4 | Received a gift from Trog
 31165 | Shoals:4 | Reached skill level 20 in Fighting
 31282 | Shoals:4 | Got a barnacled rune of Zot
 31595 | D:15     | Upgraded the game from 0.31-a0-880-g9a209b2425 to
                  | 0.31-a0-885-gbe960a18b5
 31614 | D:15     | Killed Roxanne
 31789 | Spider:1 | Entered Level 1 of the Spider Nest
 32540 | Spider:2 | Reached XP level 19. HP: 217/219 MP: 19/19
 32729 | Spider:2 | Noticed Arachne
 32739 | Spider:2 | Killed Arachne
 32778 | Spider:2 | You fall into a shaft and drop 1 floor!
 33150 | Spider:2 | Reached skill level 15 in Shapeshifting
 33398 | Spider:2 | Noticed Mlioglotl
 33405 | Spider:2 | Killed Mlioglotl
 34035 | Spider:3 | Reached skill level 1 in Shields
 34162 | Spider:3 | Identified the +5 flail of Tietub {freeze, rPois Str+3
                  | Int+2}
 34531 | Spider:3 | Received a gift from Trog
 34823 | Spider:4 | Entered Level 4 of the Spider Nest
 35353 | Spider:4 | Found a runed translucent gate.
 35353 | Spider:4 | Found a runed translucent gate.
 35353 | Spider:4 | Found a runed translucent gate.
 35353 | Spider:4 | Noticed Kace's ghost (adept SpEn)
 35407 | Spider:4 | Killed Kace's ghost
 35410 | Spider:4 | Identified the +0 robe "Souplul" {Int+5}
 35756 | Spider:4 | Reached ****** piety under Trog
 35788 | Spider:4 | Reached skill level 21 in Fighting
 36071 | Spider:4 | Got a gossamer rune of Zot
 36275 | Vaults:1 | Entered Level 1 of the Vaults
 36299 | Vaults:1 | Reached XP level 20. HP: 234/234 MP: 20/20
 36457 | Vaults:1 | Received a gift from Trog
 36690 | Vaults:1 | Reached skill level 5 in Shields
 36850 | Vaults:1 | Acquired the ring of the Moon {Will+ MP+9 Slay+6}
 37459 | Vaults:2 | Found a flickering gateway to a bazaar.
 37468 | Bazaar   | Entered a bazaar
 37476 | Bazaar   | Found Conwatot's Armour Boutique.
 37487 | Bazaar   | Found Caesaut's Jewellery Boutique.
 37514 | Bazaar   | Found Bytois's Book Boutique.
 37520 | Bazaar   | Found Qesik's Armour Boutique.
 37530 | Bazaar   | Bought the +4 robe of Augmentation {Str+4 Int+4 Dex+4} for
                  | 423 gold pieces
 37530 | Bazaar   | Found the +4 robe of Augmentation {Str+4 Int+4 Dex+4}
 37684 | Vaults:2 | Received a gift from Trog
 38159 | Vaults:2 | Noticed Bai Suzhen
 38169 | Vaults:2 | Killed Bai Suzhen
 38528 | Vaults:2 | Identified the +7 long sword of Cowardice {heavy, Int+2}
 38647 | Vaults:2 | Reached XP level 21. HP: 244/244 MP: 21/21
 38759 | Vaults:2 | Received a gift from Trog
 39018 | Vaults:3 | Reached skill level 22 in Fighting
 39302 | Vaults:3 | Found Ejanna's Distillery.
 39310 | Vaults:3 | Bought a potion of heal wounds for 65 gold pieces
 39310 | Vaults:3 | Bought a potion of might for 52 gold pieces
 39310 | Vaults:3 | Bought a potion of resistance for 130 gold pieces
 39683 | Vaults:3 | Received a gift from Trog
 39801 | Vaults:3 | Found a staircase to the Crypt.
 40466 | Vaults:4 | Received a gift from Trog
 40820 | Vaults:4 | Found Jyawecva's Jewellery Shoppe.
 41353 | Vaults:5 | Entered Level 5 of the Vaults
 41361 | Vaults:5 | Reached XP level 22. HP: 257/257 MP: 22/22
 41361 | Vaults:5 | Noticed a dread lich
 41369 | Vaults:5 | Received a gift from Trog
 41374 | Vaults:5 | Noticed an ancient lich
 41387 | Vaults:5 | Killed an ancient lich
 41416 | Vaults:5 | Reached skill level 23 in Fighting
 41515 | Vaults:5 | Identified the staff "Jazuq" {rF+ rN+ Str-2 Dex+5 Necro}
 41553 | Vaults:5 | Noticed an ancient lich
 41559 | Vaults:5 | Killed an ancient lich
 41640 | Vaults:5 | Received a gift from Trog
 41764 | Vaults:5 | Noticed a dread lich
 41767 | Vaults:5 | Killed a dread lich
 41805 | Vaults:5 | Noticed a golden dragon
 41818 | Vaults:5 | Killed a golden dragon
 41831 | Vaults:5 | Noticed a golden dragon
 41839 | Vaults:5 | Killed a golden dragon
 42035 | Vaults:5 | Killed a dread lich
 42223 | Vaults:5 | Noticed an ancient lich
 42229 | Vaults:5 | Killed an ancient lich
 42290 | Vaults:5 | Received a gift from Trog
 42358 | Vaults:5 | Reached XP level 23. HP: 170/269 MP: 23/23
 42570 | Vaults:5 | Reached skill level 10 in Shields
 42875 | Vaults:5 | Noticed Mennas
 42883 | Vaults:5 | Killed Mennas
 42883 | Vaults:5 | Received a gift from Trog
 43026 | Vaults:5 | Got a silver rune of Zot
 43396 | Vaults:5 | Identified the +0 leather armour of Hospitality {Str+2}
 43519 | Depths:1 | Entered Level 1 of the Depths
 43654 | Depths:1 | Found Neappom's Magic Scroll Shop.
 43673 | Depths:1 | Bought a scroll of teleportation for 54 gold pieces
 43673 | Depths:1 | Bought a scroll of teleportation for 54 gold pieces
 43677 | Depths:1 | Found Net San's Magic Scroll Shoppe.
 43691 | Depths:1 | Bought a scroll of teleportation for 45 gold pieces
 43691 | Depths:1 | Bought 2 scrolls of teleportation for 90 gold pieces
 43704 | Depths:1 | Found Ejennu's Weapon Boutique.
 43874 | Depths:1 | Found Losseshi's Antique Armour Emporium.
 43878 | Depths:1 | Found Komuixon's Distillery.
 44098 | Depths:1 | Reached skill level 24 in Fighting
 44192 | Depths:1 | Noticed a caustic shrike
 44204 | Depths:1 | Killed a caustic shrike
 44230 | Depths:1 | Identified the +1 short sword of the Purple Skies {heavy,
                  | rElec} (Trog gifted it to you on level 1 of the Depths)
 44230 | Depths:1 | Received a gift from Trog
 44284 | Depths:1 | Noticed a golden dragon
 44289 | Depths:1 | Killed a golden dragon
 44291 | Depths:1 | Noticed a caustic shrike
 44295 | Depths:1 | Killed a caustic shrike
 44700 | Depths:1 | Found a gateway to Hell.
 44779 | Depths:1 | Found a basalt altar of Yredelemnul.
 44933 | Depths:2 | Found a one-way gateway to a ziggurat.
 44972 | Depths:2 | Found a one-way gate leading to the halls of Pandemonium.
 45086 | Depths:2 | Noticed a juggernaut
 45092 | Depths:2 | Killed a juggernaut
 45237 | Depths:2 | Reached XP level 24. HP: 282/282 MP: 23/23
 46146 | Depths:3 | Found Toac Giu's Armour Emporium.
 46234 | Depths:3 | Found a snail-covered altar of Cheibriados.
 46314 | Depths:3 | Received a gift from Trog
 46815 | Depths:3 | Noticed an ancient lich
 46820 | Depths:3 | Found a transporter.
 46892 | Depths:3 | Found a shimmering blue altar of Sif Muna.
 47288 | Depths:3 | Found an ornate altar of the Wu Jian Council.
 47493 | Depths:4 | Entered Level 4 of the Depths
 47625 | Depths:4 | Noticed a juggernaut
 47717 | Depths:3 | Killed a juggernaut
 47891 | Depths:4 | Found Kayg's Armour Shop.
 47910 | Depths:4 | Received a gift from Trog
 48304 | Depths:4 | Identified the +0 robe "Gualuon" {Rampage rElec}
 48716 | Depths:4 | Found a gate to the Realm of Zot.
 48730 | Depths:4 | Reached skill level 25 in Fighting
 48737 | Zot:1    | Entered Level 1 of the Realm of Zot
 48976 | Zot:1    | Found a transporter.
 48978 | Zot:1    | Found a transporter.
 49008 | Zot:1    | Found a transporter.
 49009 | Zot:1    | Found a transporter.
 49101 | Zot:1    | Reached XP level 25. HP: 295/295 MP: 23/23
 49159 | Zot:1    | Found a transporter.
 49168 | Zot:1    | Found a transporter.
 49925 | Zot:2    | Noticed an orb of fire
 49932 | Zot:2    | Killed an orb of fire
 49942 | Zot:2    | Received a gift from Trog
 51819 | Zot:4    | Received a gift from Trog
 52804 | Zot:5    | Entered Level 5 of the Realm of Zot
 53298 | Zot:5    | Reached XP level 26. HP: 308/308 MP: 23/23
 53551 | Zot:5    | Noticed a dread lich
 53556 | Zot:5    | Identified the +6 spear of Soschast {heavy, Str+6} (Trog
                  | gifted it to you on level 5 of the Realm of Zot)
 53556 | Zot:5    | Received a gift from Trog
 53557 | Zot:5    | Noticed an orb of fire
 53567 | Zot:5    | Killed an orb of fire
 53785 | Zot:5    | Reached skill level 26 in Fighting
 53986 | Zot:5    | Identified the ring "Nodac" {Wiz Drain Dex+9 SInv}
 54004 | Zot:5    | Noticed a Killer Klown
 54007 | Zot:5    | Killed a dread lich
 54020 | Zot:5    | Killed a Killer Klown
 54057 | Zot:5    | Noticed an orb of fire
 54067 | Zot:5    | Gained mutation: You have hidden genetic defects. [an orb
                  | of fire]
 54074 | Zot:5    | Gained mutation: You are weak. (Str -2) [an orb of fire]
 54075 | Zot:5    | Killed an orb of fire
 54096 | Zot:5    | Noticed an orb of fire
 54101 | Zot:5    | Gained mutation: You occasionally lose the ability to read
                  | scrolls when taking damage. [an orb of fire]
 54104 | Zot:5    | Killed an orb of fire
 54238 | Zot:5    | Lost mutation: You have a pair of small horns on your head.
                  | [potion of mutation]
 54238 | Zot:5    | Lost mutation: Your mind is acute. (Int +4, Str/Dex -1)
                  | [potion of mutation]
 54238 | Zot:5    | Lost mutation: You are weak. (Str -2) [potion of mutation]
 54238 | Zot:5    | Gained mutation: You passively map a small area around you.
                  | [potion of mutation]
 54238 | Zot:5    | Gained mutation: A frigid envelope surrounds you and
                  | freezes all who hurt you. [potion of mutation]
 54239 | Zot:5    | Lost mutation: A frigid envelope surrounds you and freezes
                  | all who hurt you. [potion of mutation]
 54239 | Zot:5    | Lost mutation: You occasionally lose the ability to read
                  | scrolls when taking damage. [potion of mutation]
 54239 | Zot:5    | Lost mutation: You have hidden genetic defects. [potion of
                  | mutation]
 54239 | Zot:5    | Gained mutation: Your spells are a little easier to cast,
                  | but a little less powerful. [potion of mutation]
 54588 | Zot:5    | Noticed a Killer Klown
 54594 | Zot:5    | Killed a Killer Klown
 54694 | Zot:5    | Got the Orb of Zot
 54719 | Zot:5    | Noticed a seraph
 54727 | Zot:5    | Noticed an orb of fire
 54727 | Zot:5    | Noticed a Killer Klown
 54749 | Zot:5    | Gained mutation: You expend magic power (3 MP) to
                  | strengthen your wands. [an orb of fire]
 54750 | Zot:5    | Gained mutation: You occasionally shout uncontrollably at
                  | your foes. [an orb of fire]
 54755 | Zot:5    | Gained mutation: Your spells are easier to cast, but less
                  | powerful. [an orb of fire]
 54906 | Zot:1    | Received a gift from Trog
 55107 | D:12     | Noticed Atomagh the pandemonium lord
 55359 | D:$      | Escaped with the Orb!

Illustrated notes

Levels and vault maps discovered:
D:1:      grunt_arrival_lava_bath, layout_basic, serial_shops,
          nicolae_shop_gibbet_a_chance
D:2:      layout_basic, kennysheep_cross_room, uniq_natasha
D:3:      layout_basic, serial_shops, shop
D:4:      wander_river, layout_rooms
D:5:      layout_rooms, mainiacjoe_overflow_catwalk, minmay_temple_entry_fiery,
          serial_shops, shop, uniq_menkaure
D:6:      kennysheep_big_flooded_room, layout_basic, tgw_kikubaaqudgha
D:7:      layout_basic, serial_demonic, serial_demonic_c, serial_demonic_f,
          serial_demonic_d, serial_demonic_d, uniq_jeremiah
D:8:      nzn_winding_woodlands_cross [nzn_winding_woodlands_5x15_longhouse,
          nzn_winding_woodlands_5x15_pathside_ponds,
          nzn_winding_woodlands_5x15_sidewinder,
          nzn_winding_woodlands_5x15_twine,
          nzn_winding_woodlands_15x15_thick_spiral], layout_loops_ring
D:9:      layout_basic, fedhas_altar_2, minivault_26
D:10:     layout_long_grid, xom_shifter_show, kennysheep_mini,
          david_lair_generic, serial_shops, nicolae_shop_tiny_real_fake_doors,
          minmay_misc_feat_pillars, lightli_fourway_metalbox, uniq_harold
D:11:     layout_loops_corners, orc_0_dummy, nicolae_trove_entry_isolated,
          ebering_ghost_reflecting_pool, hex_medium, nicolae_letterblocks
          [nicolae_letter_subblock, nicolae_letter_subblock,
          nicolae_letter_subblock, nicolae_letter_subblock,
          nicolae_letter_subblock, nicolae_letter_subblock,
          nicolae_letter_subblock, nicolae_letter_subblock,
          nicolae_letter_subblock, nicolae_letter_subblock,
          nicolae_letter_subblock, nicolae_letter_subblock,
          nicolae_letter_subblock, nicolae_letter_subblock,
          nicolae_letter_subblock, nicolae_letter_subblock,
          nicolae_letter_subblock, nicolae_letter_subblock,
          nicolae_letter_subblock, nicolae_letter_subblock,
          nicolae_letter_subblock, nicolae_letter_subblock,
          nicolae_letter_subblock, nicolae_letter_subblock,
          nicolae_letter_subblock], uniq_lodul
D:12:     layout_irregular_city
D:13:     layout_basic
D:14:     layout_rooms, david_vaults_3, hangedman_glass_teeth,
          lemuel_nasty_fountain, uniq_josephine
D:15:     gammafunk_depths_entry_grave, layout_loops_ring, nrook_mini_backslash,
          uniq_roxanne, uniq_nessos
Lair:1:   minmay_lair_oklob_chamber, layout_gridlike, uniq_maggie
Lair:2:   layout_gridlike, nicolae_shoals_entry_roost,
          nicolae_spider_entry_non_spiders, basic_altar, nicolae_lair_lindhole,
          uniq_urug, uniq_sonja
Lair:3:   layout_gridlike, basic_altar, cheibrodos_lair_reptile_den,
          serial_bayou_shore_a
Lair:4:   layout_long_grid
Lair:5:   hellmonk_lair_end_abyssal_woods, layout_regular_city,
          dpeg_slime_entry_enclosed, worms_lemuel
Shoals:1: layout_shoals, nicolae_island_escapes
Shoals:2: layout_shoals, hangedman_shoal_volcano
Shoals:3: layout_shoals, overgrown_hall
Shoals:4: shoals_end_grunt_ice, layout_shoals, uniq_aizul, uniq_mara,
          uniq_polyphemus
Spider:1: layout_spider_delve
Spider:2: layout_spider_delve, nicolae_spider_shape,
          hangedman_spider_tarantella_strand, uniq_arachne, uniq_mlioglotl
Spider:3: layout_cave_pods
Spider:4: guppyfry_spider_rune, ebering_ghost_rock_garden
Orc:1:    layout_caves, nicolae_volcano_entry_s_turn,
          minmay_shop_enchanted_jewellery
Orc:2:    grunt_orc_tribal_feast, layout_diamond_mine, basic_altar, uniq_jorgrun
Vaults:1: nicolae_vaults_network_star, nicolae_vaults_trapezoid_layered,
          hangedman_vaults_cutoff, v_misc_10, v_alt_pattern_6,
          nicolae_vaults_closet_pinwheel_3, v_misc_13,
          nicolae_vaults_shrinking_rooms_2, nicolae_vaults_diamond_1,
          nicolae_vaults_little_squares_5, nicolae_vaults_trapezoid_3,
          ontoclasm_vaults_loading_screen, nicolae_vaults_house_2,
          layout_vaults_ring
Vaults:2: hangedman_vaults_maws, v_misc_18, nicolae_vaults_triangles,
          hangedman_vaults_stretched_pinwheel, nicolae_vaults_border_crossing,
          nicolae_vaults_closet_pinwheel_5, vaults_dpeg_emergency_exit,
          nicolae_vaults_house_3, dpeg_vaults_monster_box,
          layout_vaults_omnigrid, serial_shops, bzr_firewalk, uniq_bai_suzhen
Vaults:3: nicolae_vaults_theta, ontoclasm_vaults_fire_temple,
          blue_anna_dwarven_crypt, nicolae_vaults_shrinking_rooms_1,
          vaults_room_large_hall, nicolae_vaults_storage_closets_2,
          nicolae_vaults_little_squares_5, vaults_room_octagon,
          nicolae_vaults_cochlea, nicolae_vaults_angled_halls, v_pattern_2,
          nicolae_vaults_layer_cake_slice, hangedman_vaults_hat,
          layout_vaults_omnicross, serial_shops, nicolae_shop_waterfront
Vaults:4: vaults_dpeg_spiral, v_pattern_4, grunt_vaults_funnel, v_misc_2,
          hangedman_vaults_nails, nicolae_vaults_trapezoid_3, vaults_room_pool,
          vaults_dpeg_hooks, hangedman_vaults_unwind, ontoclasm_vaults_shuriken,
          ontoclasm_vaults_chip, vaults_mumra_chevron,
          nicolae_vaults_storage_room_doors, hangedman_vaults_corner_blocks,
          layout_vaults_maze, serial_shops, shop
Vaults:5: uniq_mennas
Depths:1: evilmike_diamond_1, layout_cave_pools, abyss_entry,
          hangedman_decor_opposing, lightli_too_deep, serial_shops, shop,
          nicolae_shop_tiny_real_fake_doors, shop, nicolae_lakefront_shop,
          nicolae_shop_bloodbath_and_beyond, yredelemnul_forgotten_temple_becter
Depths:2: minmay_swirls_squares, layout_gridville, enter_ziggurat_b, pan_entry,
          hangedman_coc_ice_floe, infiniplex_staircase_trident,
          serial_bayou_shore_b
Depths:3: gammafunk_sealed_library, layout_honeycomb,
          grunt_hell_entry_dis_grunt, serial_shops, shop,
          nzn_wu_jian_council_hall, minmay_room_of_horrors, slow_altar_1
Depths:4: grunt_zot_entry_funnels, layout_long_grid, serial_shops,
          nicolae_shop_back_alley_shop, minmay_crystal_room, hell_entry,
          pan_entry
Zot:1:    layout_misc_corridors, serial_nicolae_subway,
          nicolae_sub_station_metal, nicolae_sub_station_stone,
          nicolae_sub_station_crystal
Zot:2:    layout_onion_interference, st_stairs_11,
          hangedman_zot_decor_scrapings, lemuel_flame_loot_1, uniq_josephina
Zot:3:    kennysheep_blocky_room, layout_basic
Zot:4:    layout_concentric_octagons
Zot:5:    layout_gridlike

Skill      XL: |  1  2  3  4  5  6  7  8  9 10 11 12 13 14 15 16 17 18 19 20 21 22 23 24 25 26 |
---------------+-------------------------------------------------------------------------------+-----
Dodging        | 3 4 5 7 8 9 10 11 12 13 14 15 16 17 18 19 20 21 | 21.0
Unarmed Combat | 3 4 5 6 8 9 10 11 13 14 16 17 18 19 20 21 22 23 24 | 24.3
Shapeshifting  | 1 2 3 5 6 7 8 9 10 11 12 13 14 16 17 18 19 | 19.8
Fighting       | 5 6 7 8 10 11 13 14 15 16 17 18 19 20 21 22 23 24 25 26 | 26.4
Shields        | 3 6 8 9 11 12 13 14 | 14.2

Action                     |  1- 3 |  4- 6 |  7- 9 | 10-12 | 13-15 | 16-18 | 19-21 | 22-24 | 25-27 || total
---------------------------+-------+-------+-------+-------+-------+-------+-------+-------+-------++-------
  Melee: Unarmed           |    86 |   185 |   272 |   565 |   849 |   670 |  1076 |   896 |   506 ||  5105
         Punch             |       |     2 |     8 |    19 |    10 |    18 |    10 |       |       ||    67
         Headbutt          |       |       |    18 |   112 |    50 |    32 |   263 |   264 |   124 ||   863
         Constrict         |       |       |       |    33 |   112 |   126 |       |       |       ||   271
         Maw               |       |       |       |       |    55 |       |       |       |       ||    55
  Throw: Javelin           |       |       |     2 |       |       |       |       |       |       ||     2
         Dart              |       |       |       |    11 |       |       |       |       |       ||    11
         Throwing net      |       |       |       |     4 |       |       |       |       |       ||     4
         Large rock        |       |       |       |       |     7 |       |    27 |    10 |     8 ||    52
 Invoke: Berserk           |       |     5 |     5 |    12 |    13 |     7 |    10 |     8 |     4 ||    64
         Trog's Hand       |       |       |       |     1 |     3 |     2 |     2 |     1 |     3 ||    12
         Brothers in Arms  |       |       |       |     1 |     4 |     6 |     2 |     3 |     2 ||    18
  Evoke: Wand              |       |       |    17 |    15 |     2 |     7 |     6 |       |     3 ||    50
    Use: Scroll            |     3 |     2 |     3 |     6 |    11 |    14 |    10 |     5 |    19 ||    73
         Potion            |       |     1 |     3 |    11 |     5 |     3 |     1 |     7 |    12 ||    43
   Stab: Paralysed         |       |       |    17 |     4 |     1 |     2 |       |       |       ||    24
         Held in net/web   |       |       |       |     2 |       |       |       |       |       ||     2
         Petrified         |       |       |       |       |       |     4 |       |       |       ||     4
         Sleeping          |       |       |       |       |       |       |     1 |       |       ||     1
         Invisible         |       |       |       |       |       |       |       |     3 |       ||     3
 Armour: Animal skin       |    61 |   127 |   187 |   145 |       |       |       |       |       ||   520
         Troll leather arm |       |       |       |    98 |     5 |       |       |       |       ||   103
         Skin              |       |       |       |   104 |   642 |   709 |  1644 |  1134 |   716 ||  4949
         Acid dragon scale |       |       |       |       |    32 |    52 |       |       |       ||    84
  Dodge: Dodged            |    40 |    85 |   143 |   207 |   542 |   561 |  1097 |   637 |   382 ||  3694
  Block: Other             |       |       |     5 |   104 |    61 |       |       |       |       ||   170
         Reflection        |       |       |     1 |     6 |       |       |       |       |       ||     7
         Tower shield      |       |       |       |       |       |       |   986 |   874 |   560 ||  2420
   Form: Beast             |       |       |     1 |       |       |       |       |       |       ||     1
         Anaconda          |       |       |       |     1 |     1 |     1 |       |       |       ||     3
         Maw               |       |       |       |       |     2 |       |       |       |       ||     2
                           |       |       |       |       |     2 |       |       |       |       ||     2
         Blade             |       |       |       |       |     2 |       |       |       |       ||     2
         Statue            |       |       |       |       |       |     1 |       |     1 |       ||     2
         Storm             |       |       |       |       |       |       |       |     1 |       ||     1

Table legend: (Time is in decaauts)
 A = Elapsed time spent in this place.
 B = Non-inter-level travel time spent in this place.
 C = Inter-level travel time spent in this place.
 D = Time resting spent in this place.
 E = Time spent auto-exploring this place.
 F = Levels seen in this place.
 G = Mean time per level.
                   A        B        C        D        E       F      G
               +--------+--------+--------+--------+--------+-----+--------+
         Total |  66644 |  58920 |   7724 |    988 |  46114 |  45 | 1481.0 |
       Dungeon |  18534 |  15771 |   2763 |     94 |  13010 |  15 | 1235.6 |
          Lair |   6401 |   5832 |    569 |     57 |   4684 |   5 | 1280.2 |
        Shoals |   6388 |   5903 |    485 |     18 |   4850 |   4 | 1597.0 |
   Spider Nest |   6533 |   6205 |    328 |      0 |   4816 |   4 | 1633.2 |
  Orcish Mines |   1373 |   1201 |    172 |      0 |    910 |   2 |  686.5 |
        Vaults |  10493 |   9584 |    909 |    178 |   6971 |   5 | 2098.6 |
        Depths |   7861 |   7038 |    823 |      0 |   5731 |   4 | 1965.2 |
           Zot |   8932 |   7259 |   1673 |    639 |   5059 |   5 | 1786.4 |
        Bazaar |    127 |    127 |      0 |      0 |     81 |   1 |  127.0 |
               +--------+--------+--------+--------+--------+-----+--------+

Top non-repeatable levels by time:
Vaults:5: 3012 daAuts
Depths:3: 2729 daAuts
Shoals:4: 2416 daAuts
   Zot:5: 2301 daAuts
Vaults:2: 2211 daAuts
   Zot:4: 2111 daAuts
  Lair:5: 2043 daAuts
     D:6: 2008 daAuts
   Zot:2: 1969 daAuts
Depths:1: 1935 daAuts
Vaults:3: 1918 daAuts
     D:5: 1884 daAuts
Spider:2: 1785 daAuts
Depths:2: 1779 daAuts
Spider:3: 1751 daAuts
